 Dungeon Crawl Stone Soup version 0.30-a0-359-gd0147acb1a (webtiles) character file.

Game seed: 15252178631114281995

81 lunkers the Ruffian (level 4, 0/33 (38) HPs)
             Began as an Armataur Reaver on Nov 13, 2022.
             Slain by an orc
             ... wielding a +0 trident
              (7 damage)
             ... on level 3 of the Dungeon.
             The game lasted 00:01:58 (1493 turns).

lunkers the Ruffian (Armataur Reaver)               Turns: 1493, Time: 00:01:58

HP:   0/33 (38)     AC:  4    Str: 18    XL:     4   Next: 20%
MP:   6/6           EV:  9    Int: 15    God:
Gold: 93            SH:  0    Dex:  8    Spells: 5/6 levels left

rFire   . . .      SeeInvis .      - Unarmed
rCold   . . .      Faith    .    (no shield)
rNeg    . . .      Spirit   .    a - +0 leather armour
rPois   .          Reflect  .    (no helmet)
rElec   .          Harm     .    (no cloak)
rCorr   .          Roll     +    (no gloves)
Will    .....                    (no barding)
Stlth   +.........               b - amulet of regeneration
HPRegen 1.05/turn                (no ring)
MPRegen 0.10/turn                (no ring)

@: heavily drained
A: large, rugged brown scales 3, deformed body, armoured tail, roll, long
tongue, awkward tongue
a: no special abilities


You were on level 3 of the Dungeon.
You visited 1 branch of the dungeon, and saw 3 of its levels.

You collected 93 gold pieces.

Inventory:

Armour
 a - a +0 leather armour (worn)
Jewellery
 b - an amulet of regeneration (around neck)
Scrolls
 c - 2 scrolls of identify {unknown}
 f - a scroll of teleportation {unknown}
 i - a scroll of immolation {unknown}
 j - a scroll of noise {unknown}
 k - a scroll of enchant weapon {unknown}
 l - 2 scrolls of poison {unknown}
 m - 2 scrolls of butterflies {unknown}
 o - a scroll of fear {unknown}
Potions
 d - a potion of degeneration {unknown}
 e - a potion of curing {unknown}
 g - 2 potions of cancellation {unknown}
 h - a potion of mutation {unknown}
 n - 4 potions of might {unknown}


   Skills:
 - Level 1.7 Fighting
 - Level 1.3 Dodging
 * Level 4.6 Unarmed Combat
 - Level 1.7 Spellcasting
 - Level 2.6 Conjurations


You had 5 spell levels left.
You knew the following spells:

 Your Spells              Type           Power      Damage    Failure   Level
p - Kiss of Death         Conj/Necr      20%        2d7       16%         1

Your spell library contained the following spells:

 Spells                   Type           Power      Damage    Failure   Level
 Momentum Strike          Conj/Tloc      10%        3d8       24%         2
 Beastly Appendage        Tmut           2%         N/A       26%         1
 Sting                    Tmut/Pois      4%         1d3       26%         1
 Poisonous Vapours        Pois/Air       2%         N/A       38%         2
 Wereblood                Tmut           1%         N/A       38%         2
 Hailstorm                Conj/Ice       5%         3d4       43%         3
 Spider Form              Tmut/Pois      1%         N/A       63%         3
 Olgreb's Toxic Radiance  Pois           1%         N/A       95%         4
 Summon Lightning Spire   Summ/Air       1%         N/A       95%         4
 Summon Forest            Summ/Tloc      0%         N/A       100%        5
 Summon Mana Viper        Hex/Summ       1%         N/A       100%        5
 Summon Cactus Giant      Summ           0%         N/A       100%        6
 Storm Form               Tmut/Air       0%         N/A       100%        7
 Maxwell's Capacitive Co  Air            0%         ∞         100%        8


Dungeon Overview and Level Annotations

Branches:
Dungeon (3/15)

Altars:
Nemelex Xobeh


Innate Abilities, Weirdness & Mutations

You are completely covered in rugged brown scales. (AC +3, +7% HP)
Armour fits poorly on your strangely shaped body.
You have a long armoured tail.
You roll when moving toward enemies. (Rampage)
Your long tongue fully drains potion bottles. (2x potion effects)
Your tongue gives you trouble enunciating. (1.5x scroll delay)


Message History

You kill the orc!
The orc hits you from afar with a +0 trident.
You hit the orc.
The orc is severely wounded.
You hit the orc.
You tail-slap the orc, but do no damage.
The orc is almost dead.
The orc closely misses you. The orc hits you but does no damage.
You hit the orc.
You kill the orc!
The orc hits you from afar with a +0 trident.
You closely miss the orc. The orc hits you with a +0 flail.
You hit the orc but do no damage. The orc hits you with a +0 flail.
You hit the orc.
The orc is almost dead.
The orc hits you with a +0 flail!
You closely miss the orc.
The orc is almost dead.
The orc hits you with a +0 flail.
You hit the orc.
You kill the orc!
You closely miss the orc.
Your tail-slap misses the orc.
The orc barely misses you.
You hit the orc but do no damage. The orc hits you but does no damage.
The orc closely misses you.
You hit the orc but do no damage.
The orc hits you from afar with a +0 trident!
* * * LOW HITPOINT WARNING * * *
The orc hits you with a +0 flail.
* * * LOW HITPOINT WARNING * * *
You hit the orc.
The orc is moderately wounded.
The orc hits you from afar with a +0 trident.
* * * LOW HITPOINT WARNING * * *
The orc hits you with a +0 flail.
* * * LOW HITPOINT WARNING * * *
You punch the orc!
You kill the orc!
The orc hits you from afar with a +0 trident!
You die...

......
.....
....
...####
..>..
... #o#
#)# #@#
#.# #.#
#.# #.#
#.# #.#
#.# #.#


You could see an orc.

Vanquished Creatures
  Terence (D:2)
  An adder (D:3)
  A worm (D:2)
  A dart slug (D:3)
  4 orcs (D:3)
  6 endoplasms
  A giant cockroach (D:1)
  6 hobgoblins
  5 kobolds
  A quokka (D:2)
  3 ball pythons
  A bat (D:1)
  2 frilled lizards (D:1)
  6 rats
39 creatures vanquished.

Notes
Turn   | Place    | Note
-------+----------+-------------------------------------------
     0 | D:1      | lunkers the Armataur Reaver began the quest for the Orb.
     0 | D:1      | Reached XP level 1. HP: 18/18 MP: 3/3
   176 | D:1      | Reached skill level 3 in Unarmed Combat
   205 | D:1      | Reached XP level 2. HP: 23/25 MP: 4/4
  1088 | D:2      | Noticed Terence
  1095 | D:2      | Killed Terence
  1096 | D:2      | Reached skill level 4 in Unarmed Combat
  1096 | D:2      | Reached XP level 3. HP: 15/23 MP: 1/5
  1364 | D:3      | Found a sparkling altar of Nemelex Xobeh.
  1388 | D:3      | Reached XP level 4. HP: 32/33 MP: 6/6
  1493 | D:3      | Slain by an orc

Illustrated notes

Levels and vault maps discovered:
D:1:      dpeg_arrival_arbitrary_c, layout_loops_ring
D:2:      layout_loops_corners, skrybe_limestone_x, uniq_terence
D:3:      layout_basic, mainiacjoe_overflow_small_starburst,
          nicolae_kikubaaqudgha_miasma_corner, grunt_ministairs_12, uniq_natasha

Skill      XL: |  1  2 |
---------------+-------+-----
Unarmed Combat | 3 4 |  4.6
Fighting       | |  1.7
Dodging        | |  1.3
Spellcasting   | |  1.7
Conjurations   | |  2.6

Action                   |  1- 3 |  4- 6 || total
-------------------------+-------+-------++-------
Melee: Unarmed           |    92 |    20 ||   112
       Tailslap          |     7 |     3 ||    10
       Punch             |     1 |       ||     1
 Cast: Kiss of Death     |     3 |       ||     3
Armor: Leather armour    |    27 |     3 ||    30
Dodge: Dodged            |    33 |     8 ||    41

Table legend: (Time is in decaauts)
 A = Elapsed time spent in this place.
 B = Non-inter-level travel time spent in this place.
 C = Inter-level travel time spent in this place.
 D = Time resting spent in this place.
 E = Time spent auto-exploring this place.
 F = Levels seen in this place.
 G = Mean time per level.
                   A        B        C        D        E       F      G
               +--------+--------+--------+--------+--------+-----+--------+
         Total |   1484 |   1450 |     34 |      0 |   1224 |   3 |  494.7 |
       Dungeon |   1484 |   1450 |     34 |      0 |   1224 |   3 |  494.7 |
               +--------+--------+--------+--------+--------+-----+--------+

Top non-repeatable levels by time:
     D:2: 732 daAuts
     D:1: 598 daAuts
     D:3: 153 daAuts
